 Dungeon Sprint DCSS version 0.28-a0-199-g298df9dbad (webtiles) character file.

Game seed: 12541628625745174144

307 MikeHunt the Quickloader (level 6, 0/51 HPs)
             Began as a Demonspawn Hunter on Aug 19, 2021.
             Slain by a human (10 damage)
             ... in the Dungeon (Sprint III: "The Ten Rune Challenge").
             The game lasted 00:02:41 (378 turns).

MikeHunt the Quickloader (Demonspawn Hunter)         Turns: 378, Time: 00:02:42

Health: 0/51       AC:  5    Str: 13    XL:     6   Next: 16%
Magic:  6/6        EV: 14    Int: 10    God:
Gold:   17         SH:  0    Dex: 15    Spells: 5/5 levels left

rFire   . . .      SeeInvis .   a - +1 hand crossbow
rCold   . . .      Faith    .   (no shield)
rNeg    . . .      Spirit   .   c - +0 leather armour
rPois   .          Reflect  .   (no helmet)
rElec   .          Harm     .   (no cloak)
rCorr   .          Rampage  .   (no gloves)
Will    .....      Clarity  +   (no boots) Stlth +.........NoTele +
                                (no amulet)
HPRegen 0.17/turn               (no ring)
MPRegen 0.10/turn               (no ring)

@: hasted, very quick
A: slimy green scales 1, powered by pain 1, clarity, dopey 1
a: no special abilities


You were in the Dungeon.
You visited 1 branch You collected 17 gold pieces.

Inventory:

Hand Weapons
 a - a +1 hand crossbow (weapon)
 b - a +0 short sword
Missiles
 d - 12 bolts (quivered ammo)
Armour
 c - a +0 leather armour (worn)
Scrolls
 e - 2 scrolls of torment
 l - a scroll of identify
Potions
 h - 2 potions of magic
 i - a potion of berserk rage
 k - 2 potions of cancellation
 m - 4 potions of flight
 n - 3 potions of mutation


   Skills:
 + Level 5.4 Fighting
 - Level 10.0 Crossbows
 + Level 6.0 Dodging
 - Level 0.8 Stealth


You had 5 spell levels left.
You didn't know any spells.
Your spell library was empty.

Dungeon Overview and Level Annotations

Branches:
Dungeon (1/1)

Altars:
Okawaru
Trog
Uskayaw
Wu Jian
Beogh


Innate Abilities, Weirdness & Mutations

You are partially covered in slimy green scales. (AC +2)
You sometimes gain a little power by taking damage.
You possess an exceptional clarity of mind.
You are dopey. (Int -2)


Message History

You have reached level 6!
Your experience leads to an increase in your attributes!
Your base attributes are Str 13, Int 12, Dex 14.
Increase (S)trength, (I)ntelligence, or (D)exterity?
You feel agile.
Your demonic ancestry asserts itself...
You feel energised by your suffering.
Blink to where?
Press: ? - help, Dir - move target
As you read the scroll of blinking, it crumbles to dust.
You feel yourself speed up.
You hear a shout!
The human rages.
The human rages.
The human rages.
There is an open door here.
You hear a shout!
There is an open door here.
Fire: 14 bolts
Press: ? - help, Q - select action Shift-Dir - straight line, f - human
Aim: a human, wielding a +0 short sword (berserk, 62% to hit)
You shoot a bolt. The bolt hits the human!
The human is moderately wounded.
You hear a shout!
Fire: 13 bolts
Press: ? - help, Q - select action Shift-Dir - straight line, f/p - human
Aim: a human, wielding a +0 short sword (moderately wounded, berserk, 62% to hit)
You shoot a bolt.
The bolt hits the human but does no damage.
The human is moderately wounded.
There is an open door here.
You see here a rat skeleton.
There is a staircase leading out of the dungeon here.
Okay, then.
Unknown command.
Okay, then.
Unknown command.
The human hits you with a +0 short sword!
* * * LOW HITPOINT WARNING * * *
The human hits you with a +0 short sword!
You die...

▓▓▓▓▓▓▓▓▓▓▓▓ ▓▓▓
▓<.#..'....♣ ♣.#
▓p.#..#....♣ ♣♣.#
▓#@####....♣♣ ..#
▓.....#....≈♣♣♣♣♣.#
▓.....#..÷≈≈.♣..♣.#
▓.....#..≈≈≈≈♣.♣♣.'
▓####(#..≈≈≈≈≈≈.♣.#
▓(....#.≈≈≈≈≈≈..W.#
▓.÷p..#.≈≈≈≈≈.....#
▓.(...#.≈≈≈.......#
▓'#####...........#


You could see a human (berserk).

Vanquished Creatures
  A scorpion (D)
  A water elemental (D)
  A jelly (D)
  2 humans (D)
  4 rats (D)
9 creatures vanquished.

Vanquished Creatures (others)
  5 plants (D)
5 creatures vanquished.

Grand Total: 14 creatures vanquished

Notes
Turn   | Place    | Note
-------+----------+-------------------------------------------
     0 | D        | MikeHunt the Demonspawn Hunter began the quest for the Orb.
     0 | D        | Reached XP level 1. HP: 16/16 MP: 1/1
    11 | D        | Reached skill level 4 in Crossbows
    68 | D        | Noticed a scorpion
    77 | D        | Killed a scorpion
    78 | D        | Reached skill level 7 in Crossbows
    78 | D        | Gained mutation: You are partially covered in slimy green
                  | scales. (AC +2) [demonic ancestry]
    78 | D        | Reached XP level 2. HP: 22/22 MP: 2/2
    78 | D        | Reached XP level 3. HP: 27/27 MP: 3/3
   102 | D        | Reached skill level 8 in Crossbows
   102 | D        | Reached XP level 4. HP: 16/33 MP: 4/4
   249 | D        | Gained mutation: You are dopey. (Int -2) [potion of
                  | mutation]
   249 | D        | Gained mutation: You possess an exceptional clarity of
                  | mind. [potion of mutation]
   255 | D        | Noticed a water elemental
   265 | D        | Killed a water elemental
   266 | D        | Reached skill level 9 in Crossbows
   266 | D        | Reached XP level 5. HP: 31/38 MP: 5/5
   339 | D        | Found a hide-covered altar of Uskayaw.
   339 | D        | Found an iron altar of Okawaru.
   340 | D        | Found a bloodstained altar of Trog.
   341 | D        | Found an ornate altar of the Wu Jian Council.
   341 | D        | Noticed a human
   341 | D        | Noticed a shadow
   343 | D        | Noticed a human
   346 | D        | Killed a human
   347 | D        | Reached skill level 5 in Fighting
   347 | D        | Reached skill level 10 in Crossbows
   347 | D        | Gained mutation: You sometimes gain a little power by
                  | taking damage. [demonic ancestry]
   347 | D        | Reached XP level 6. HP: 14/51 MP: 6/6
   378 | D        | Slain by a human

Illustrated notes

Levels and vault maps discovered:
D:        dungeon_sprint_mu [sprint_mu_entry_forest, sprint_mu_temple_rooms,
          sprint_mu_d1_spiders, sprint_mu_d2_genie, sprint_mu_d3_branching,
          sprint_mu_orc_legion, sprint_mu_elf_gauntlet, sprint_mu_hive_nellie,
          sprint_mu_lair_fedhas, sprint_mu_vaults_butterflies,
          sprint_mu_slime_circle, sprint_mu_swamp_cave, sprint_mu_snake_twists,
          sprint_mu_blade_basic, sprint_mu_crypt_lich, sprint_mu_tomb_spiral,
          sprint_mu_vestibule_basic, sprint_mu_gehenna_hellfire,
          sprint_mu_dis_giant, sprint_mu_tartarus_statrot,
          sprint_mu_cocytus_islands, sprint_mu_zot1]

Skill      XL: |  1  2  3  4  5 |
---------------+----------------+-----
Crossbows      | 7 8 9 10 | 10.0
Dodging        | 3 6 |  6.0
Fighting       | 5 |  5.4
Stealth        | |  0.8

Action                   |  1- 3 |  4- 6 || total
-------------------------+-------+-------++-------
Melee: Short sword       |    11 |       ||    11
 Fire: Hand crossbow     |    18 |    14 ||    32
  Use: Potion            |     1 |     3 ||     4
       Scroll            |       |     3 ||     3
Armor: Leather armour    |     3 |       ||     3
Dodge: Dodged            |    11 |     2 ||    13

Table legend: (Time is in decaauts)
 A = Elapsed time spent in this place.
 B = Non-inter-level travel time spent in this place.
 C = Inter-level travel time spent in this place.
 D = Time resting spent in this place.
 E = Time spent auto-exploring this place.
 F = Levels seen in this place.
 G = Mean time per level.
                   A        B        C        D        E       F      G
               +--------+--------+--------+--------+--------+-----+--------+
         Total |    375 |    375 |      0 |    164 |      0 |   1 |  375.0 |
       Dungeon |    375 |    375 |      0 |    164 |      0 |   1 |  375.0 |
               +--------+--------+--------+--------+--------+-----+--------+

Top non-repeatable levels by time:
       D: 375 daAuts
